 Dungeon Crawl Stone Soup version 0.32-a0-558-g233958a4c4 (webtiles) character file.

Game seed: 6393431627194501440

42 kae the Changeling (level 3, 0/19 HPs)
             Began as a Draconian Shapeshifter on Feb 29, 2024.
             Slain by Sigmund
             ... wielding a +0 scythe
              (8 damage)
             ... on level 2 of the Dungeon.
             The game lasted 00:00:36 (1048 turns).

kae the Changeling (Draconian Shapeshifter)         Turns: 1048, Time: 00:00:37

Health: 0/19       AC:  5    Str: 16    XL:     3   Next: 33%
Magic:  3/3        EV: 16    Int: 10    God:
Gold:   56         SH:  0    Dex: 12    Spells: 2/2 levels left

rFire   . .          .
                       - Unarmed
rCold   . . .        (shield currently unavailable)
rNeg    . . .        (body armour unavailable)
rPois   .            (helmet restricted)
rElec   .            (no cloak)
rCorr   .            (no gloves)
SInv    .            (no boots)
Will    .....        (no amulet)
Stlth   +            (no ring)
HPRegen 0.23/turn    (no ring)
MPRegen 0.08/turn

%: no passive effects
@: flux-form, glowing
A: glow, contaminating, reduced hp, AC +5, unfitting armour, cold-blooded
a: Begin Untransformation


You were on level 2 of the Dungeon.
You were something dangerously unstable.
You visited 1 branch of the dungeon, and saw 2 of its levels.

You collected 56 gold pieces.


Innate Abilities, Weirdness & Mutations

You are something dangerously unstable.
You glow with magical radiation, making you easy to see and hit.
Foes you strike become dangerously contaminated with magical radiation.
Your maximum health is decreased, since you lack skill for your form.
You are incapable of wielding weapons or throwing items.
Your plain brown scales are hard. (AC +5)
You cannot fit into any form of body armour.
You are cold-blooded and may be slowed by cold attacks.


   Skills:
 + Level 2.0 Fighting
 - Level 1.7 Dodging
 + Level 3.3 Unarmed Combat
 * Level 3.7 Shapeshifting


You had 2 spell levels left.
You didn't know any spells.
Your spell library was empty.

Inventory:

Missiles
 d - 44 stones (quivered)
 g - 4 poisoned darts
Jewellery
 C - a ring of ice
   (You found it on level 1 of the Dungeon)
 I - a +6 ring of intelligence
   (You found it on level 2 of the Dungeon)
Talismans
 b - a beast talisman
 c - a flux talisman (active)
Scrolls
 h - 2 scrolls of immolation {unknown}
 i - a scroll of enchant weapon {unknown}
 j - a scroll of identify {unknown}
 k - 2 scrolls of teleportation {unknown}
Potions
 a - a potion of lignification {!q}
 e - a potion of invisibility {unknown}
 f - a potion of might {unknown}
 l - a potion of enlightenment {unknown}

Dungeon Overview and Level Annotations

Branches:
Dungeon (2/15) Zot: 10955

Altars:

Annotations:
D:2 Sigmund

#...###### #.....##.#
#.....##.# #......#.#
#......#.#
############........#####
............######...@..#
.#..............###.###..#
.#..............p@....##.#
.#.......................#
.########....###......#...#
.# #....# #......# ... .#
#....# #......# #...
.########....# #......#
##?b .#.....##....#
#......# .#.###.####+##
######## ...###.#


You could see Sigmund (contam, misshapen).


Message History

You hit the rat. The rat bites you. 😕 HP[-2]
You take 2 damage, and now have 26/29 hp.
A rat is nearby!
You barely miss the rat. The rat misses you.
You barely miss the rat.
Your tail-slap misses the rat.
The rat bites you.
A rat is nearby!
You barely miss the rat. The rat closely misses you.
You hit the rat but do no damage. The rat barely misses you.
A rat is nearby!
You hit the rat.
You kill the rat!
No target in view!
I - a +6 ring of intelligence 😎 HP[+3]
Your hp is fully restored (29).
No target in view!
No target in view!
k - 2 scrolls labelled SELACH PEWN (gained 1)
You now have 25 gold pieces (gained 15).
You now have 35 gold pieces (gained 10).
As you open the door, it creaks loudly!
No target in view!
No target in view!
There is an open door here.
h - 2 scrolls labelled OKKUOWKOSHRI (gained 1)
You now have 45 gold pieces (gained 10).
You open the door.
There is an open door here.
A ball python comes into view.
The ball python hisses angrily.
A ball python is nearby!
A ball python is nearby!
You closely miss the ball python. The ball python closely misses you.
The ball python misses you.
You hit the ball python.
You kill the ball python!
A goblin comes into view. It is wielding a +0 dagger.
The goblin shouts!
A goblin is nearby!
The goblin closely misses you.
A goblin is nearby!
You hit the goblin.
You kill the goblin!
No target in view!
l - a smoky sapphire potion You open the door.
There is an open door here.
Key pressed, stopping explore.
No target in view!
No target in view!
Found a stone staircase leading down.
No target in view!
No target in view!
There is a stone staircase leading down here.
You now have 56 gold pieces (gained 11).
Key pressed, stopping explore.
No target in view!
No target in view!
A bat comes into view.
The bat moves out of view.
No target in view!
No target in view!
Sigmund the Dreaded comes into view.
He is wielding a +0 scythe.
Sigmund shouts!
Okay, then.
Okay, then.
Okay, then.
You begin transforming.
You continue transforming. x2
Sigmund barely misses you.
You continue transforming.
Sigmund closely misses you.
Your transformation has ended.
You turn into something dangerously unstable. 😎 HP[-10]
You now have 19 max hp (-10).
Sigmund casts a spell at you. The magic dart hits you. 😕 HP[-1]
You take 1 damage, and now have 18/19 hp.
You hit Sigmund but do no damage.
Sigmund begins to glow.
Sigmund casts a spell at you. The puff of flame hits you!
Ouch! That really hurt!
* * * LOW HITPOINT WARNING * * *
You are too injured to fight recklessly! 😨 HP[-11]
You take 11 damage, and now have 7/19 hp.
MASSIVE DAMAGE!! (PAUSE)
You barely miss Sigmund. Sigmund closely misses you.
You hit Sigmund.
Sigmund glows dangerously bright.
Your tail-slap misses Sigmund.
Sigmund misses you.
Unknown command.
You hit Sigmund but do no damage.
Sigmund shudders as magic cascades through him!
Sigmund twists and deforms.
You hit Sigmund.
Sigmund begins to glow.
You tail-slap Sigmund. Sigmund hits you with a +0 scythe!
You die...
Sigmund begins carving another notch in his scythe.

Skill      XL: |  1  2  3 |
---------------+----------+-----
Fighting       | 2 |  2.0
Dodging        | |  1.7
Unarmed Combat | |  3.3
Shapeshifting  | |  3.7

Action                     || total
---------------------------++-------
  Melee: Unarmed           ||    80
         Tailslap          ||     6
         Punch             ||     2
   Stab: Sleeping          ||     1
 Armour: Skin              ||    34
  Dodge: Dodged            ||    43
   Form: Flux              ||     1

Levels and vault maps discovered:
D:1:      dpeg_arrival_morbid_curiosity, layout_basic
D:2:      layout_basic, uniq_sigmund, uniq_crazy_yiuf_cottage, uniq_natasha

Notes
Turn   | Place    | Note
-------+----------+-------------------------------------------
     0 | D:1      | kae the Draconian Shapeshifter began the quest for the Orb.
     0 | D:1      | Reached XP level 1. HP: 16/16 MP: 1/1
     0 | D:1      | magus.rc [v1.11.3]
   119 | D:1      | Reached XP level 2. HP: 23/23 MP: 2/2
   493 | D:1      | Reached XP level 3. HP: 22/29 MP: 3/3
   572 | D:1      | Reached skill level 2 in Fighting
  1029 | D:2      | Noticed Sigmund
  1048 | D:2      | Slain by Sigmund

Vanquished Creatures
  A gnoll (D:1)
  2 ball pythons
  5 endoplasms (D:1)
  A giant cockroach (D:1)
  3 hobgoblins (D:1)
  2 jackals (D:1)
  A quokka (D:1)
  4 goblins
  4 kobolds
  5 rats
28 creatures vanquished.

Table legend:
 A = Non-vault XP
 B = Vault XP
 C = Vault XP percentage of total XP
 D = Non-vault monster count
 E = Vault monster count
 F = Vault count percentage of total count
                 A         B        C        D         E       F
            +---------+---------+-------+---------+---------+-------
      Total |      52 |       8 |  13.3 |      23 |       5 |  17.9
            +---------+---------+-------+---------+---------+-------
        D:1 |      46 |       8 |  14.8 |      19 |       5 |  20.8
        D:2 |       6 |       0 |   0.0 |       4 |       0 |   0.0
            +---------+---------+-------+---------+---------+-------

Skill      XL: |  1  2  3 |
---------------+----------+-----
Fighting       | 2 |  2.0
Dodging        | |  1.7
Unarmed Combat | |  3.3
Shapeshifting  | |  3.7

Action                     || total
---------------------------++-------
  Melee: Unarmed           ||    80
         Tailslap          ||     6
         Punch             ||     2
   Stab: Sleeping          ||     1
 Armour: Skin              ||    34
  Dodge: Dodged            ||    43
   Form: Flux              ||     1

Illustrated notes

Table legend:
 A = Kills in this place as a percentage of kills in the entire game.
 B = Kills by you in this place as a percentage of kills by you in the entire game.
 C = Kills by friends in this place as a percentage of kills by friends in the entire game.
 D = Other kills in this place as a percentage of other kills in the entire game.
 E = Experience gained in this place as a percentage of experience gained in the entire game.
 F = Experience gained in this place divided by the number of levels of this place that you have seen.
                   A       B       C       D       E      F
               +-------+-------+-------+-------+-------+----------------------
         Total | 100.0 | 100.0 |   N/A |   N/A | 100.0 |  30.0
       Dungeon | 100.0 | 100.0 |   N/A |   N/A | 100.0 |  30.0
               +-------+-------+-------+-------+-------+----------------------

Table legend: (Time is in decaauts)
 A = Elapsed time spent in this place.
 B = Non-inter-level travel time spent in this place.
 C = Inter-level travel time spent in this place.
 D = Time resting spent in this place.
 E = Time spent auto-exploring this place.
 F = Levels seen in this place.
 G = Mean time per level.
                   A        B        C        D        E       F      G
               +--------+--------+--------+--------+--------+-----+--------+
         Total |   1043 |   1023 |     20 |      0 |    851 |   2 |  521.5 |
       Dungeon |   1043 |   1023 |     20 |      0 |    851 |   2 |  521.5 |
               +--------+--------+--------+--------+--------+-----+--------+

Top non-repeatable levels by time:
     D:1: 760 daAuts
     D:2: 282 daAuts
